 Dungeon Crawl Stone Soup version 0.28-b1-1-g3c77fb2ed1 (webtiles) character file.

Game seed: 3592481616488250045

16174 McKennaii the Destroyer (level 11, -9/111 HPs)
             Began as a Demigod Conjurer on Jan 29, 2022.
             Mangled by a four-headed hydra (12 damage)
             ... on level 2 of the Lair of Beasts.
             The game lasted 00:23:16 (17451 turns).

McKennaii the Destroyer (Demigod Conjurer)         Turns: 17451, Time: 00:23:18

Health: -9/111     AC: 25    Str:  8    XL:     11   Next: 77%
Magic:  1/29       EV:  2    Int: 32    God:
Gold:   846        SH:  0    Dex: 12    Spells: 23/30 levels left

rFire   + . .      SeeInvis .   m - staff of fire
rCold   . . .      Faith    .   (no shield)
rNeg    . . .      Spirit   .   (armour currently unavailable)
rPois   +          Reflect  .   (helmet currently unavailable)
rElec   .          Harm     .   (cloak currently unavailable)
rCorr   .          Rampage  .   (gloves currently unavailable)
Will    +....      NoTele   +   (boots currently unavailable)
Stlth   ++........              (no amulet)
HPRegen 0.28/turn               (no ring)
MPRegen 0.21/turn               (no ring)

@: tree-form
A: stationary, stasis, torment immunity, boosted hp, high mp 1, forlorn, divine
attributes
a: no special abilities


You were on level 2 of the Lair of Beasts.
You were a tree.
You visited 2 branches of the dungeon, and saw 13 of its levels.
You also visited: Ossuary.

You collected 846 gold pieces.

Inventory:

Hand Weapons
 j - a +2 whip of flaming
Armour
 l - a +4 scale mail of cold resistance
 t - a +2 cloak (melded)
 C - +0 steam dragon scales (melded)
 F - a +3 ring mail of cold resistance
 H - a +1 helmet (melded)
Magical Staves
 m - a staff of fire (weapon)
Jewellery
 J - a ring of wizardry
Wands
 n - a wand of flame (35)
 u - a wand of mindburst (13)
 D - a wand of polymorph (1)
 G - a wand of digging (8)
Scrolls
 b - 4 scrolls of noise {unknown}
 c - 8 scrolls of teleportation
 d - 3 scrolls of enchant weapon {unknown}
 e - a scroll of fog {unknown}
 g - 10 scrolls of identify {unknown}
 q - a scroll of fear {unknown}
 s - 2 scrolls of torment {unknown}
 w - a scroll of enchant armour {unknown}
 x - 4 scrolls of immolation {unknown}
 y - a scroll of vulnerability {unknown}
 E - a scroll of blinking {unknown}
Potions
 a - a potion of degeneration {unknown}
 f - 4 potions of lignification
 h - 8 potions of curing {unknown}
 i - 2 potions of brilliance {unknown}
 k - 2 potions of might {unknown}
 o - 3 potions of flight {unknown}
 p - 2 potions of cancellation {unknown}
 r - 2 potions of heal wounds {unknown}
 v - 2 potions of haste {unknown}
 z - 2 potions of berserk rage {unknown}
 A - 2 potions of mutation {unknown}
 B - a potion of magic {unknown}
 I - a potion of attraction {unknown}


   Skills:
 - Level 8.0 Armour
 - Level 1.7 Dodging
 - Level 1.7 Stealth
 - Level 10.0 Spellcasting
 + Level 13.0 Conjurations


You had 23 spell levels left.
You knew the following spells:

 Your Spells              Type           Power      Damage    Failure   Level
a - Magic Dart            Conj           100%       1d8       0%          1
b - Searing Ray           Conj           100%       2d8       1%          2
c - Iskenderun's Mystic   Conj/Tloc      55%        2d12      1%          4

Your spell library contained the following spells:

 Spells                   Type           Power      Damage    Failure   Level
 Dazzling Flash           Conj/Hex       100%       N/A       1%          3
 Fulminant Prism          Conj/Hex       27%        3d14      1%          4
 Ozocubu's Armour         Ice            16%        N/A       9%          3
 Portal Projectile        Hex/Tloc       32%        N/A       9%          3
 Animate Dead             Necr           8%         N/A       30%         4
 Blade Hands              Tmut           8%         N/A       63%         5
 Excruciating Wounds      Necr           8%         N/A       63%         5
 Haunt                    Necr/Summ      8%         N/A       100%        7
 Ozocubu's Refrigeration  Ice            8%         4d6       100%        7
 Infestation              Necr           8%         N/A       100%        8


Dungeon Overview and Level Annotations

Branches:
Dungeon (11/15)            Temple (0/1) D:4            Lair (2/6) D:10
Ossuary (visited)
  Swamp: Lair:2-4    Shoals: Lair:2-4     Snake: Lair:2-4    Spider: Lair:2-4
    Orc: D:9-12

Annotations:
D:11 Urug


Innate Abilities, Weirdness & Mutations

You are a tree.
Your roots penetrate the ground, keeping you stationary.
You cannot be teleported.
You are immune to unholy pain and torment.
Your maximum health is greatly increased.
Your equipment is partially melded.
You have an increased reservoir of magic. (+10% MP)
You shall have no god before yourself.
Your divine heritage dramatically boosts your attributes as you level up.


Message History

Unknown command.
The searing ray hits the four-headed hydra!
The four-headed hydra is heavily wounded.
The four-headed hydra bites you!
The four-headed hydra bites you but does no damage.
The four-headed hydra barely misses you.
The four-headed hydra bites you!
Unknown command.
Casting: Searing Ray (safe; 1% risk of failure)
Confirm with . or Enter, or press ? or * to list all spells.
You erupt in a blast of force!
The mystic blast hits the four-headed hydra!
The four-headed hydra is severely wounded.
You hear a bellow!
The four-headed hydra bites you! The four-headed hydra bites you.
The four-headed hydra bites you but does no damage.
The four-headed hydra bites you!
You hear a bellow! x2
Unknown command.
Casting: Iskenderun's Mystic Blast (dangerous; 1% risk of failure)
Confirm with . or Enter, or press ? or * to list all spells.
You erupt in a blast of force!
The mystic blast hits the four-headed hydra.
The four-headed hydra is severely wounded.
You hear a bellow!
The four-headed hydra closely misses you.
The four-headed hydra bites you!
* * * LOW HITPOINT WARNING * * *
The four-headed hydra bites you!
* * * LOW HITPOINT WARNING * * *
The four-headed hydra bites you!
* * * LOW HITPOINT WARNING * * *
Okay, then.
It was a potion of lignification.
You turn into a tree.
Your +2 cloak melds into your body.
Your +1 helmet melds into your body.
Your +0 steam dragon scales melds into your body.
Your roots penetrate the ground.
The four-headed hydra bites you but does no damage.
The four-headed hydra bites you!
You die...

####
###..#
#.....
#...##
#.#.## ♣
###.#
♣♣.♣
#...##
#♣D..♣
#.....
##♣+♣##♣#
#...#.
#..>..#.#
#...#.
+..8..'.#
#..P..
#..<..#.#
#.....
##♣'♣##.#
#...##
#.....#♣.
#....#
#.♣♣♣.#
♣♣ #.....
#.♣ ♣.#
#.....
#.♣♣♣.#
#.....


You could see a four-headed hydra.

Vanquished Creatures
  Josephine (D:10)
  A hydra (Lair:1)
  3 two-headed ogres (D:10)
  Pikel (D:6)
  Joseph (D:7)
  Maurice (D:10)
  7 cane toads (Lair:1)
  2 komodo dragons
  2 trolls
  Prince Ribbit (D:6)
  5 blink frogs (Lair:2)
  A centaur simulacrum (D:11)
  Sigmund (D:5)
  A basilisk (Lair:2)
  5 wraiths
  A shadow (D:11)
  10 yaks (Lair:1)
  A steam dragon (D:8)
  An acid dragon (D:9)
  3 water moccasins
  An ice beast (D:3)
  5 orc warriors
  3 black bears
  2 sky beasts (D:5)
  3 ogres
  5 centaurs
  A wolf (Lair:2)
  An elf zombie (Ossuary)
  3 scorpions
  4 bullfrogs
  A gnoll sergeant (D:9)
  2 wyvern zombies
  A water moccasin skeleton (D:5)
  4 wights (D:7)
  3 howler monkeys
  A bullfrog zombie (D:6)
  7 orc priests
  6 centaur zombies
  A bullfrog skeleton (D:6)
  2 jellies
  Crazy Yiuf (D:3)
  4 hounds
  A gnoll shaman (D:7)
  3 human zombies (Ossuary)
  3 iguanas
  Terence (D:3)
  Jessica (D:2)
  7 orc wizards
  3 mummies
  17 gnolls
  8 river rats (D:5)
  7 adders
  2 white imps
  An adder zombie (Ossuary)
  An adder skeleton (D:4)
  2 worms
  4 dart slugs
  35 orcs
  7 endoplasms
  2 giant cockroaches
  10 hobgoblins
  8 kobolds
  10 quokkas
  4 ball pythons
  3 bats
  2 frilled lizards
  6 goblins
  2 goblin zombies (Ossuary)
  7 hobgoblin zombies (Ossuary)
  10 kobold zombies (Ossuary)
  8 orc zombies (Ossuary)
  17 rats
  A rat zombie (Ossuary)
303 creatures vanquished.

Vanquished Creatures (others)
  2 fungi
  7 plants
9 creatures vanquished.

Grand Total: 312 creatures vanquished

Notes
Turn   | Place    | Note
-------+----------+-------------------------------------------
     0 | D:1      | McKennaii the Demigod Conjurer began the quest for the Orb.
     0 | D:1      | Reached XP level 1. HP: 14/14 MP: 5/5
   276 | D:1      | Reached XP level 2. HP: 20/20 MP: 5/7
   307 | D:1      | Reached skill level 4 in Conjurations
   785 | D:1      | Learned a level 2 spell: Searing Ray
  1030 | D:2      | Reached XP level 3. HP: 26/26 MP: 1/9
  1354 | D:2      | Noticed Jessica
  1358 | D:2      | Killed Jessica
  1359 | D:2      | Reached XP level 4. HP: 33/33 MP: 5/10
  1364 | D:2      | Learned a level 4 spell: Iskenderun's Mystic Blast
  1837 | D:3      | Noticed an ice beast
  1859 | D:3      | Killed an ice beast
  1860 | D:3      | Reached skill level 5 in Conjurations
  1860 | D:3      | Reached XP level 5. HP: 9/38 MP: 1/12
  2354 | D:3      | Found a runed translucent door.
  2355 | D:3      | Noticed Crazy Yiuf
  2761 | D:3      | Noticed Terence
  2775 | D:3      | Killed Terence
  2776 | D:3      | Reached skill level 6 in Conjurations
  2776 | D:3      | Reached XP level 6. HP: 45/45 MP: 5/14
  3282 | D:4      | Found a staircase to the Ecumenical Temple.
  4200 | D:5      | Entered Level 5 of the Dungeon
  4221 | D:5      | Reached XP level 7. HP: 27/50 MP: 6/16
  4223 | D:5      | Reached skill level 7 in Conjurations
  4369 | D:5      | Found a sand-covered staircase.
  4441 | Ossuary  | Entered an ossuary
  5027 | Ossuary  | Reached skill level 8 in Conjurations
  5343 | D:5      | Reached skill level 5 in Spellcasting
  5343 | D:5      | Reached XP level 8. HP: 40/57 MP: 11/19
  6812 | D:5      | Reached skill level 9 in Conjurations
  6928 | D:5      | Noticed Sigmund
  6936 | D:5      | Killed Sigmund
  7166 | D:3      | Killed Crazy Yiuf
  7256 | D:6      | You fall into a shaft and drop 2 floors!
  7265 | D:8      | Noticed Joseph
  7972 | D:6      | Noticed Prince Ribbit
  7980 | D:6      | Killed Prince Ribbit
  8091 | D:6      | Noticed Pikel
  8099 | D:6      | Killed Pikel
  8100 | D:6      | Reached skill level 10 in Conjurations
  8100 | D:6      | Reached XP level 9. HP: 62/62 MP: 6/23
 10906 | D:8      | Reached skill level 1 in Armour
 11917 | D:9      | Reached XP level 10. HP: 57/69 MP: 21/27
 12306 | D:10     | Entered Level 10 of the Dungeon
 12308 | D:10     | Noticed a two-headed ogre
 12318 | D:10     | Killed a two-headed ogre
 12388 | D:10     | Noticed a two-headed ogre
 12646 | D:7      | Killed Joseph
 12797 | D:10     | Noticed Josephine
 12803 | D:10     | Killed Josephine
 12832 | D:10     | Killed a two-headed ogre
 12833 | D:10     | Reached skill level 5 in Armour
 12833 | D:10     | Reached skill level 10 in Spellcasting
 13668 | D:10     | Found a staircase to the Lair.
 13861 | D:10     | Noticed Maurice
 13868 | D:10     | Killed Maurice
 13869 | D:10     | Reached skill level 11 in Conjurations
 13939 | D:10     | Noticed a two-headed ogre
 13962 | D:10     | Killed a two-headed ogre
 13963 | D:10     | Reached XP level 11. HP: 58/74 MP: 0/29
 14766 | D:11     | Noticed Urug
 14833 | Lair:1   | Entered Level 1 of the Lair of Beasts
 14843 | Lair:1   | Noticed a seven-headed hydra
 14859 | Lair:1   | Killed a seven-headed hydra
 15296 | Lair:1   | HP: 3/74 [poisoned by a cane toad]
 15949 | Lair:1   | Reached skill level 12 in Conjurations
 17369 | Lair:2   | Reached skill level 13 in Conjurations
 17445 | Lair:2   | Noticed a four-headed hydra
 17450 | Lair:2   | HP: 2/74 [four-headed hydra (12)]
 17451 | Lair:2   | Mangled by a four-headed hydra

Illustrated notes

Levels and vault maps discovered:
D:1:      grunt_arrival_lava_bath, layout_rooms, minmay_stone_trees_small,
          chequers_jeans
D:2:      layout_loops_ring, uniq_jessica
D:3:      layout_rooms, nicolae_vehumet_altar_sigil, okawaru_metal_pillars_3,
          elyvilon_altar_1, dreamdust_ecumenical_altar_grove, minivault_23,
          minmay_checkerbox, uniq_terence, uniq_crazy_yiuf_cottage
D:4:      layout_basic, minmay_temple_entry_arrows
D:5:      lemuel_ratsnest, layout_basic, slow_altar_2,
          mainiacjoe_overflow_divided_tiny, mainiacjoe_overflow_six_doors_small,
          gup_ossuary_entry_pyramid, uniq_sigmund
D:6:      layout_basic, mainiacjoe_overflow_small_starburst, minivault_22,
          uniq_prince_ribbit1, uniq_pikel
D:7:      layout_basic, zin_academy
D:8:      layout_cave_pools, mainiacjoe_overflow_surrounded_room,
          pdpol_wu_jian_five_deadly_venoms, uniq_joseph
D:9:      layout_long_grid, mainiacjoe_overflow_chevrons,
          mainiacjoe_overflow_alcove_4
D:10:     layout_cave_pools, david_lair_shrubbed, minmay_misc_feat_cross,
          minivault_26, uniq_josephine, uniq_maurice
D:11:     layout_long_grid, uniq_urug
Lair:1:   layout_gridlike, beast_lair_carwin_10
Lair:2:   nzn_winding_woodlands_stair_cross [nzn_winding_woodlands_5x15_pockets,
          nzn_winding_woodlands_center_diamonds, nzn_winding_woodlands_5x15_eye,
          nzn_winding_woodlands_5x5_perimeter,
          nzn_winding_woodlands_5x5_open_star, nzn_winding_woodlands_5x15_cabin,
          nzn_winding_woodlands_center_triple_pond,
          nzn_winding_woodlands_5x15_longhouse], layout_layer_cave, uniq_maggie

Skill      XL: |  1  2  3  4  5  6  7  8  9 10 11 |
---------------+----------------------------------+-----
Spellcasting   | 2 3 4 5 7 9 10 | 10.0
Conjurations   | 4 5 6 8 10 11 13 | 13.0
Armour         | 2 6 8 |  8.0
Dodging        | |  1.7
Stealth        | |  1.7

Action                   |  1- 3 |  4- 6 |  7- 9 | 10-12 || total
-------------------------+-------+-------+-------+-------++-------
Melee: Unarmed           |       |     1 |       |       ||     1
       Staff             |       |       |    17 |     8 ||    25
       Punch             |       |       |     1 |     1 ||     2
       Whip              |       |       |       |     5 ||     5
 Cast: Magic Dart        |    60 |   112 |   289 |   120 ||   581
       Searing Ray       |     1 |    11 |    68 |    47 ||   127
       Iskenderun's Myst |       |       |    19 |    60 ||    79
Evoke: Wand              |       |       |     2 |    16 ||    18
  Use: Scroll            |       |       |     2 |       ||     2
       Potion            |       |       |       |     1 ||     1
Armor: Robe              |       |     7 |    29 |       ||    36
       Steam dragon scal |       |       |    10 |    53 ||    63
       Skin              |       |       |       |     1 ||     1
Dodge: Dodged            |     2 |    23 |   109 |    92 ||   226
